 Dungeon Crawl Stone Soup version 0.27.0-66-gdc8fb28755 (webtiles) character file.

Game seed: 9193052419721865106

31 Malachi the Chopper (level 3, 33/33 HPs)
             Began as a Hill Orc Monk on Aug 19, 2021.
             Got out of the dungeon alive.
             The game lasted 00:01:30 (1479 turns).

Malachi the Chopper (Hill Orc Monk)                 Turns: 1479, Time: 00:01:30

Health: 33/33      AC:  8    Str: 14    XL:     3   Next: 22%
Magic:  3/3        EV:  6    Int: 10    God:
Gold:   46         SH:  0    Dex: 13    Spells: 2/2 levels left

rFire    . . .     SeeInvis .   c - +2 hand axe (flame)
rCold    . . .     Faith    .   (no shield)
rNeg     . . .     Spirit   .   f - +0 chain mail
rPois    .         Reflect  .   (no helmet)
rElec    .         Harm     .   (no cloak)
rCorr    .         Rampage  .   (no gloves)
Will     .....                  (no boots)
Stlth    ..........             (no amulet)
HPRegen  0.11/turn              (no ring)
MPRegen  0.08/turn              (no ring)

@: no status effects
A: no striking features
a: no special abilities


You escaped.
You visited 1 branch of the dungeon, and saw 1 of its levels.

You collected 46 gold pieces.

Inventory:

Hand Weapons
 a - a +0 hand axe
 c - a +2 hand axe of flaming (weapon)
Armour
 f - a +0 chain mail (worn)
Scrolls
 d - a scroll of fog {unknown}
 e - a scroll of vulnerability {unknown}
 h - a scroll of teleportation {unknown}
Potions
 b - a potion of brilliance {unknown}
 g - a potion of might {unknown}


   Skills:
 + Level 4.1 Fighting
 * Level 4.7 Axes
 + Level 2.6 Dodging
 - Level 1.6 Stealth


You had 2 spell levels left.
You didn't know any spells.
Your spell library was empty.

Dungeon Overview and Level Annotations

Branches:
Dungeon (1/15)

Altars:


Message History

No target in view!
No target in view!
No target in view!
No target in view!
Found 19 stones.
There is a stone staircase leading down here.
A kobold comes into view. It is wielding a +0 dagger.
The kobold shouts!
A kobold is nearby!
A kobold is nearby!
The kobold hits you but does no damage.
You hit the kobold but do no damage. The kobold barely misses you.
You closely miss the kobold. The kobold hits you but does no damage.
You closely miss the kobold. The kobold hits you but does no damage.
You hit the kobold. You burn the kobold.
You kill the kobold!
No target in view!
No target in view!
No target in view!
No target in view!
No target in view!
No target in view!
No target in view!
No target in view!
No target in view!
No target in view!
h - a scroll labelled IJIRORPHO ISISM
Things that are here:
a +0 dagger; a kobold corpse You now have 46 gold pieces (gained 10).
Done exploring.
Done exploring.
Done exploring.
Done exploring.
No target in view!
You see here a +0 scale mail.
You see here 8 stones.
There is a staircase leading out of the dungeon here.
Are you sure you want to leave the Dungeon?
This will make you lose the game!
You have escaped!

#.#.#.####.#..........#
#.#.....##.#.########.#
#.###.#.##.#........#.#
####.....#.##.########.#.#
.............>......[#.#.#
##################.#.###.#
....###.##...##..#.......#
####.#.##.###....#...#####
#....#.#..#####.@#...#
[.##.##..#.##....#...#
####.###.#.#(##..#...#
.##.###.##..#######.##
####...####### ##.#
########.....# #..#
.........###.# #.##
########## #.## #.# #..#
#.##


There were no monsters in sight!

Vanquished Creatures
  A dart slug (D:1)
  3 endoplasms (D:1)
  2 giant cockroaches (D:1)
  2 goblins (D:1)
  2 hobgoblins (D:1)
  2 jackals (D:1)
  4 quokkas (D:1)
  3 ball pythons (D:1)
  A bat (D:1)
  A frilled lizard (D:1)
  A kobold (D:1)
  5 rats (D:1)
27 creatures vanquished.

Notes
Turn   | Place    | Note
-------+----------+-------------------------------------------
     0 | D:1      | Malachi the Hill Orc Monk began the quest for the Orb.
     0 | D:1      | Reached XP level 1. HP: 19/19 MP: 1/1
   219 | D:1      | Reached XP level 2. HP: 19/27 MP: 2/2
   917 | D:1      | Reached XP level 3. HP: 33/33 MP: 3/3
  1479 | D:$      | Got out of the dungeon alive.

Illustrated notes

Levels and vault maps discovered:
D:1:      dpeg_arrival_signposts, layout_basic

Skill      XL: |  1  2 |
---------------+-------+-----
Fighting       | 4 |  4.1
Axes           | |  4.7
Dodging        | |  2.6
Stealth        | |  1.6

Action                   || total
-------------------------++-------
Melee: Hand axe          ||    65
 Stab: Sleeping          ||     5
Armor: Robe              ||     5
       Chain mail        ||    13
Dodge: Dodged            ||    27
